Map: Dash and Terminal LE (Void)

Players

Aquarius - Winner!

  • Race: Terran Terran
  • League: Bronze

SticklerMac

  • Race: Zerg Zerg
  • League: Bronze

VOD

Have the link to the VOD?

Description

Time

  • Played on: Aug. 11, 2015, 7:58 p.m.
  • Length: 19:45
Show
View Real Time Build Order
Export as new Build Order

Aquarius Terran - Winner!

Build Orders: Command Center First (CC), MMM Bio 

Get SALT Encoding   

  12  0:01  SCV  
  13  0:13  SCV  
  14  0:22  Supply Depot  
  14  0:25  SCV  
  15  0:44  SCV  
  16  0:56  SCV  
  17  1:08  SCV  
  18  1:15  Command Center  
  18  1:31  Barracks  
  18  1:44  Barracks  
  18  2:03  SCV  
  18  2:05  Supply Depot  
  19  2:13  Refinery  
  19  2:14  Refinery  
  19  2:15  SCV  
  20  2:26  Marine  
  20  2:27  SCV  
  22  2:33  SCV  
  23  2:37  Marine  
  24  2:46  Marine  
  25  2:55  Engineering Bay  
  25  3:03  Barracks  
  25  3:04  Orbital Command  
  25  3:06  SCV  
  25  3:20  Marine x2  
  25  3:22  SCV  
  27  3:38  SCV  
  27  3:39  SCV  
  29  3:41  Barracks Tech Lab  
  29  3:42  Barracks Reactor  
  29  3:46  Factory  
  29  3:49  Missile Turret  
  29  3:53  SCV  
  29  3:55  SCV  
  31  4:06  Stimpack  
  31  4:07  Barracks Tech Lab  
  31  4:15  SCV  
  32  4:21  Command Center  
  32  4:30  Starport  
  32  4:32  SCV x2  
  32  4:35  Factory Tech Lab  
  32  4:36  Concussive Shells  
  34  4:39  Marine x2  
  36  4:53  Marauder x2  
  36  4:54  Siege Tank  
  43  5:03  SCV  
  44  5:08  Marine x2  
  46  5:19  Combat Shields  
  46  5:29  SCV  
  46  5:33  SCV  
  47  5:52  Marine x2  
  47  5:53  Marauder x2  
  47  5:54  Bunker, Widow Mine  
  47  5:55  SCV x2  
  57  5:58  SCV  
  57  5:59  Bunker  
  58  6:15  Supply Depot  
  58  6:21  Engineering Bay  
  58  6:22  SCV x3  
  61  6:31  Supply Depot  
  50  6:44  Marine x2  
  50  6:45  Marauder x2  
  49  6:54  Siege Tank  
  49  7:11  Marine x2  
  49  7:12  Marauder x2  
  49  7:14  Terran Infantry Weapons Level 1  
  55  7:21  Bunker  
  55  7:24  Supply Depot  
  55  7:25  Widow Mine  
  51  7:45  Marine x2  
  40  8:10  Marine  
  40  8:11  Marine  
  42  8:20  Marine x2  
  42  8:24  SCV x2  
  46  8:29  Barracks  
  46  8:31  Factory, Barracks  
  46  8:34  Barracks  
  46  8:36  SCV, Barracks  
  46  8:38  Refinery  
  46  8:39  Planetary Fortress  
  46  8:40  Refinery  
  47  8:45  Marine x3  
  47  8:46  Marauder  
  40  9:10  Marine x3  
  38  9:23  Supply Depot  
  35  9:24  Supply Depot  
  35  9:26  Supply Depot  
  35  9:30  Barracks  
  31  9:49  Siege Tank  
  34  9:53  Marine x4  
  34  9:55  Factory Tech Lab  
  37  10:23  Barracks Tech Lab  
  37  10:24  Barracks Tech Lab x2  
  37  10:26  Marine  
  37  10:27  Marine  
  21  11:02  Orbital Command  
  21  11:05  Marauder  
  21  11:06  Marine, Marauder x2  
  28  11:19  Supply Depot  
  28  11:22  Supply Depot  
  28  11:23  Supply Depot  
  28  11:25  Supply Depot  
  28  11:27  Marine  
  29  11:51  Orbital Command  
  29  11:55  Marauder  
  29  11:56  Marine, Marauder x2  
  29  11:57  Siege Tank  
  29  11:59  SCV  
  40  12:17  Marauder  
  42  12:24  SCV  
  41  12:36  SCV  
  42  12:39  Starport Reactor  
  42  12:41  Missile Turret  
  42  12:48  SCV, Missile Turret  
  42  12:49  Barracks Reactor, Missile Turret  
  43  12:54  Missile Turret  
  43  13:00  SCV  
  44  13:12  SCV, Marauder  
  51  13:13  Marine, Marauder x2  
  51  13:14  Widow Mine  
  51  13:17  Liberator x2  
  54  13:24  SCV  
  54  13:25  Terran Infantry Armor Level 1  
  55  13:29  Marine x2  
  55  13:33  Missile Turret  
  55  13:34  Marauder  
  59  13:36  SCV  
  66  13:45  Marine  
  67  13:48  SCV  
  67  13:50  Siege Tank  
  67  13:51  Marine x2  
  67  13:55  SCV  
  74  14:08  Supply Depot  
  74  14:10  Supply Depot  
  74  14:12  Orbital Command  
  73  14:18  Marine x2  
  75  14:34  Armory  
  75  14:35  Marine  
  75  14:36  Marine x2  
  78  14:50  Marauder x2  
  60  15:49  Orbital Command  
  60  15:54  Marine x3  
  60  15:55  Marauder  
  65  16:39  Barracks Reactor  
  65  16:52  Supply Depot  
  65  16:54  Supply Depot  
  65  16:55  Supply Depot  
  65  16:57  Marauder  
  65  16:59  Marauder  
  62  17:08  Marauder  
  51  17:39  SCV x2  
  53  17:51  SCV  
  54  17:59  Starport  
  54  18:01  Supply Depot  
  54  18:05  Supply Depot  
  54  18:06  Supply Depot  
  54  18:12  Supply Depot  
  54  18:13  Supply Depot  
  54  18:22  SCV  
  55  18:59  Marine x3  
  55  19:00  Marauder x2  
  62  19:22  Marauder  
  64  19:25  Starport Reactor  
  71  19:38  Supply Depot x2  
Show
View Real Time Build Order
Export as new Build Order

SticklerMac Zerg 

Build Orders: Pool First 

Get SALT Encoding   

  12  0:01  Drone  
  13  0:13  Overlord  
  13  0:16  Drone  
  14  0:31  Drone x2  
  16  0:43  Spawning Pool  
  16  0:47  Drone  
  16  0:54  Extractor  
  16  0:56  Drone  
  16  0:57  Drone  
  17  1:28  Drone x2  
  18  1:44  Hatchery  
  17  2:08  Queen  
  19  2:12  Hatchery  
  18  2:22  Drone x3  
  21  2:28  Metabolic Boost  
  21  2:38  Zergling x2  
  22  2:52  Baneling Nest  
  22  2:53  Drone  
  22  2:55  Overlord  
  22  3:02  Zergling x2  
  22  3:05  Overlord  
  23  3:06  Queen  
  25  3:20  Zergling x4  
  25  3:21  Zergling x2  
  28  3:27  Drone  
  28  3:28  Zergling x4  
  31  3:41  Spine Crawler  
  31  3:45  Queen  
  32  3:55  Drone x3  
  35  4:10  Drone x3  
  35  4:11  Drone x2  
  40  4:19  Zergling x6  
  40  4:23  Zergling x2  
  44  4:25  Zergling x2  
  44  4:27  Zergling x2  
  46  4:35  Zergling x2  
  46  4:36  Zergling x4  
  49  4:39  Overlord  
  49  4:41  Zergling x2  
  50  4:57  Overlord  
  50  4:58  Overlord  
  50  5:00  Zergling x10  
  50  5:05  Zergling x2  
  50  5:06  Zergling x2  
  50  5:07  Zergling x2  
  57  5:26  Zergling x18  
  66  5:31  Baneling x5  
  66  5:32  Baneling  
  66  5:34  Baneling x2  
  66  5:35  Baneling  
  66  5:36  Baneling  
  66  5:47  Lair  
  66  5:54  Zergling x2  
  66  5:55  Zergling x8  
  66  5:56  Zergling x2  
  72  6:05  Zergling x4  
  72  6:14  Baneling x5  
  72  6:15  Baneling x3  
  72  6:31  Zergling x2  
  72  6:32  Zergling x4  
  65  6:42  Zergling x20  
  65  6:43  Zergling x6  
  72  6:56  Zergling x4  
  72  6:57  Overlord  
  72  6:58  Overlord  
  72  7:00  Baneling x4  
  72  7:01  Baneling  
  67  7:34  Zergling x2  
  67  7:35  Zergling x30  
  65  7:46  Zergling x10  
  60  8:02  Overlord  
  60  8:03  Overlord x2  
  60  8:05  Drone  
  61  8:08  Drone  
  61  8:10  Drone  
  57  8:23  Zergling x2  
  57  8:24  Zergling x10  
  53  8:58  Zergling x24  
  59  9:07  Zergling x6  
  58  9:11  Zergling x2  
  56  9:18  Hatchery  
  56  9:23  Zergling x2  
  56  9:24  Zergling x10  
  57  9:25  Zergling x2  
  58  9:42  Zergling x2  
  58  9:43  Zergling x14  
  59  10:00  Zergling x8  
  59  10:02  Baneling  
  59  10:03  Baneling x9  
  59  10:04  Baneling  
  59  10:06  Baneling  
  63  10:08  Zergling x2  
  54  10:31  Zergling x2  
  54  10:32  Zergling x14  
  57  10:43  Zergling x16  
  57  10:49  Zergling x2  
  64  10:50  Zergling x4  
  65  11:06  Zergling x2  
  64  11:12  Spire  
  64  11:13  Drone x5  
  64  11:14  Drone  
  68  11:26  Overseer  
  68  11:28  Overseer  
  68  11:51  Pneumatized Carapace  
  68  11:59  Extractor  
  68  12:00  Zergling x2  
  68  12:01  Extractor, Zergling x32  
  82  12:04  Drone  
  82  12:05  Drone  
  82  12:08  Drone  
  86  12:09  Extractor  
  86  12:10  Drone  
  77  12:35  Zergling x2  
  77  12:36  Zergling x20  
  88  12:47  Mutalisk, Zergling x2  
  88  12:48  Mutalisk  
  93  13:06  Mutalisk  
  93  13:07  Mutalisk  
  97  13:17  Mutalisk  
  99  13:29  Mutalisk  
  101  13:43  Mutalisk  
  101  13:44  Mutalisk  
  105  14:00  Overlord x3  
  105  14:08  Overlord  
  105  14:35  Mutalisk x3  
  105  14:36  Mutalisk  
  113  14:58  Mutalisk  
  113  14:59  Zergling x10  
  114  15:25  Zergling x2  
  114  15:26  Zergling x16  
  104  15:51  Zergling x2  
  104  15:52  Zergling x12  
  104  15:53  Zergling x6  
  114  15:58  Mutalisk  
  116  16:09  Mutalisk  
  116  16:10  Mutalisk  
  115  16:30  Overlord x3  
  99  17:04  Zergling x18  
  99  17:05  Zergling x6  
  67  17:31  Overlord x2  
  67  17:32  Overlord  
  63  17:43  Drone x4  
  63  17:44  Drone x2  
  69  17:46  Drone  
  70  18:00  Drone  
  70  18:01  Drone x2  
  70  18:03  Drone  
  74  18:14  Zergling x8  
  67  18:28  Zergling x10  
  67  18:30  Zergling x2  
  54  18:42  Zergling x4  
  38  19:03  Zergling x6  
  39  19:11  Zergling x2  
  39  19:15  Zergling x2  
Tags
 
Add a new tag
Caveats
  • Supply blocks, unpowered buildings, or Contaminate may cause inaccurate times.
  • Supply counts are checked every 10 seconds.